 Dungeon Crawl Stone Soup version 0.15-a0-1081-gb32516e (console) character file.

539 Che the Martial Artist (level 7, -4/46 HPs)
             Began as an Octopode Monk on May 27, 2014.
             Was a Believer of Cheibriados.
             Slain by a troll zombie (14 damage)
             ... on Level 7 of the Dungeon.
             The game lasted 00:07:33 (1478 turns).

Che the Martial Artist (Octopode Monk)              Turns: 1478, Time: 00:07:33

HP  -4/46        AC  1     Str 17      XL: 7   Next: 26%
MP   1/7         EV 14     Int 16      God: Cheibriados [**....]
Gold 169         SH  0     Dex 18      Spells:  0 memorised,  6 levels left

rFire  . . .     SeeInvis .       - Unarmed
rCold  . . .     Clarity  .     (no shield)
rNeg   . . .     Conserve .     (helmet restricted)
rPois  .         rCorr    .     (no amulet)
rElec  .         rRot     .     (no ring)
SustAb .         Spirit   .     (no ring)
rMut   .         Warding  .     (no ring)
Gourm  .         Stasis   .     (no ring)
MR     .....                    (no ring)
                                (no ring)
                                (no ring)
                                (no ring)

@: very slow, not resistant to hostile enchantments, fairly stealthy
A: almost no armour, amphibious, 8 rings, constrict 8, camouflage 1, gelatinous
body 1
a: Bend Time, Renounce Religion


You were on level 7 of the Dungeon.
You worshipped Cheibriados.
Cheibriados was pleased with you.
You were very hungry.

You visited 2 branches of the dungeon, and saw 8 of its levels.

You collected 169 gold pieces.

Inventory:

Comestibles
 b - 5 bread rations
 i - a beef jerky
 k - 18 fruits
Scrolls
 a - a scroll of blinking {unknown}
 c - a scroll of enchant weapon I {unknown}
 d - a scroll of fear {unknown}
 e - 2 scrolls of enchant weapon II {unknown}
 g - 3 scrolls of remove curse {unknown}
 j - 3 scrolls of identify {unknown}
Potions
 h - 2 potions of might {unknown}
 l - a potion of heal wounds


   Skills:
 - Level 3.0 Fighting
 * Level 3.9 Dodging
 - Level 2.6 Stealth
 + Level 8.2 Unarmed Combat


You had 6 spell levels left.
You didn't know any spells.

Dungeon Overview and Level Annotations

Branches:
Dungeon (7/15)             Temple (1/1) D:6

Altars:
Ashenzari
Cheibriados
Dithmenos
Elyvilon
Fedhas
Gozag
Kikubaaqudgha
Makhleb
Nemelex Xobeh
Okawaru
Qazlal
Sif Muna
Trog
Vehumet
Xom
Yredelemnul
Zin
The Shining One

Annotations:
D:5 Dowan, Duvessa


Innate Abilities, Weirdness & Mutations

You cannot wear most types of armour.
You are amphibious.
You can wear up to eight rings at the same time.
You can use your tentacles to constrict many enemies at once.
Your skin changes colour to match your surroundings (Stealth).
Your rubbery body absorbs attacks (AC +1).


Message History

Okay, then.
Drink which item? (? for menu, Esc to quit)
Okay, then.
Unknown command.
You bludgeon the troll zombie!
You squeeze the troll zombie, but do no damage.
The troll zombie bites you. The troll zombie closely misses you.
The troll zombie barely misses you.
You barely miss the troll zombie. The troll zombie misses you.
The troll zombie barely misses you. The troll zombie misses you.
You tentacle-slap the troll zombie but do no damage.
The troll zombie completely misses you. The troll zombie claws you!
The troll zombie claws you.
You barely miss the troll zombie. You tentacle-slap the troll zombie!
You barely miss the troll zombie. The troll zombie barely misses you.
The troll zombie misses you. The troll zombie claws you.
* * * LOW HITPOINT WARNING * * *
You bludgeon the troll zombie! You tentacle-slap the troll zombie.
The troll zombie bites you!
You die...

##### #...# ##<..# .
#....# ... #...#
......############...##
........Z@.<..........#
########...###...####.###
#...# #...## #...## #####
#......#.....
..###.......## .<.
#...#..## #... #..###..#
##.....##....# #.###
#.#...


You could see a troll zombie.

Vanquished Creatures
  2 sky beasts (D:6)
  A centaur (D:7)
  A giant frog (D:7)
  2 crimson imps
  2 orc priests (D:5)
  Ijyb (D:2)
  2 adders
  2 shadow imps
  2 giant geckos
  An ooze (D:1)
  2 orcs (D:5)
  A ball python (D:3)
  6 bats
  3 giant cockroaches
  4 goblins
  3 hobgoblins
  4 jackals (D:1)
  2 giant newts
  A jackal skeleton (D:4)
  8 kobolds
  4 rats
54 creatures vanquished.

Notes
Turn   | Place    | Note
--------------------------------------------------------------
     0 | D:1      | Che, the Octopode Monk, began the quest for the Orb.
     0 | D:1      | Reached XP level 1. HP: 16/16 MP: 1/1
    64 | D:1      | Reached XP level 2. HP: 6/21 MP: 2/2
   257 | D:2      | Reached XP level 3. HP: 13/26 MP: 3/3
   284 | D:1      | Reached skill level 5 in Unarmed Combat
   425 | D:2      | Noticed Ijyb
   447 | D:2      | Killed Ijyb
   530 | D:3      | Reached XP level 4. HP: 11/31 MP: 4/4
   747 | D:5      | Entered Level 5 of the Dungeon
   775 | D:5      | Reached skill level 6 in Unarmed Combat
   778 | D:5      | Reached XP level 5. HP: 16/36 MP: 5/5
   814 | D:5      | Noticed a black bear
   825 | D:5      | Noticed an ice beast
   931 | D:6      | Noticed a sky beast
   937 | D:6      | Noticed a sky beast
   969 | D:5      | Noticed Duvessa
   969 | D:5      | Noticed a hippogriff
   982 | D:6      | Killed a sky beast
   982 | D:6      | Reached skill level 7 in Unarmed Combat
   982 | D:6      | Reached XP level 6. HP: 33/42 MP: 6/6
   989 | D:6      | Killed a sky beast
  1097 | D:6      | Found a staircase to the Ecumenical Temple.
  1115 | Temple   | Entered the Ecumenical Temple
  1152 | Temple   | Became a worshipper of Cheibriados the Contemplative
  1216 | D:6      | Noticed an orc warrior
  1233 | D:5      | Found an opulent altar of Gozag.
  1233 | D:5      | Noticed Dowan
  1332 | D:6      | Reached skill level 8 in Unarmed Combat
  1416 | D:7      | Reached XP level 7. HP: 46/46 MP: 7/7
  1478 | D:7      | Slain by a troll zombie

Action                   |  1- 3 |  4- 6 |  7- 9 || total
-------------------------+-------+-------+-------++-------
Melee: Unarmed           |    65 |    68 |     9 ||   142
Invok: Bend Time         |       |       |     2 ||     2
  Use: Potion            |       |     4 |       ||     4
 Stab: Sleeping          |     5 |     7 |       ||    12
